 Dungeon Crawl Stone Soup version 0.32-a0-938-g40ac7a0f4d (webtiles) character file.

Game seed: 10646707975801428429

32 javelincjr the Magician (level 3, 0/25 HPs)
             Began as a Djinni Hedge Wizard on Apr 15, 2024.
             Was a Follower of Makhleb.
             Frozen to death by an endoplasm (4 damage)
             ... on level 2 of the Dungeon.
             The game lasted 00:02:49 (1265 turns).

javelincjr the Magician (Djinni Hedge Wizard)       Turns: 1265, Time: 00:02:50

Health: 0/25       AC:  2    Str:  9    XL:     3   Next: 45%
Gold:   111        EV:  5    Int: 17    God:    Makhleb [*.....] SH:  0 Dex: 12

rFire   + + .        f - +0 short sword (freeze)
rCold   x . .        (no shield)
rNeg    . . .        b - +0 robe
rPois   ∞            c - +0 hat
rElec   .            (no cloak)
rCorr   .            (no gloves)
SInv    .            (boots unavailable)
Will    .....        (no amulet)
Stlth   ++           (no ring)
HPRegen 0.24/turn    (no ring)

%: infuse magic (-1 HP)
@: flying, held
A: sickness immunity, fire resistance 2, cold vulnerability 1, float, innate
caster, HP casting, extra vitality 1
a: Renounce Religion


You were on level 2 of the Dungeon.
You worshipped Makhleb.
Makhleb was aware of your devotion.
You visited 1 branch of the dungeon, and saw 2 of its levels.

You collected 111 gold pieces.

Inventory:

Hand Weapons
 a - a +0 dagger
 f - a +0 short sword of freezing (weapon)
Armour
 b - a +0 robe (worn)
 c - a +0 hat (worn)
Scrolls
 h - a scroll of poison {unknown}
 i - a scroll of teleportation {unknown}
 j - a scroll of revelation {unknown}
Potions
 d - a potion of heal wounds {unknown}
 e - a potion of invisibility {unknown}
 g - 2 potions of degeneration {unknown}


   Skills:
 + Level 2.8 Dodging
 + Level 2.2 Stealth
 + Level 3.3 Spellcasting
 + Level 3.3 Conjurations
 + Level 3.3 Hexes
 + Level 3.3 Summonings
 + Level 3.3 Necromancy
 + Level 3.3 Translocations
 + Level 3.3 Fire Magic
 + Level 3.3 Ice Magic
 + Level 3.3 Air Magic
 + Level 3.3 Earth Magic
 + Level 3.3 Alchemy


You knew the following spells:

 Your Spells              Type           Power      Damage    Failure   Level
a - Magic Dart            Conj           56%        1d5       4%          1
b - Slow                  Hex            56%        N/A       4%          1
c - Blink                 Tloc           28%        N/A       7%          2
d - Call Imp              Summ           28%        N/A       7%          2
e - Mephitic Cloud        Conj/Alch/Air  14%        N/A       13%         3
f - Kiss of Death         Conj/Necr      56%        2d9       4%          1
Your spell library was empty.

Dungeon Overview and Level Annotations

Branches:
Dungeon (2/15)

Altars:
Makhleb


Innate Abilities, Weirdness & Mutations

You are immune to sickness and miasma.
You are immune to poison.
Your flesh is very heat resistant. (rF++)
You are vulnerable to cold. (rC-)
You float through the air rather than walking.
You learn spells naturally, not from books.
Your magical power is your life essence.
You have superior vitality. (+4 MHP)


Message History

The hobgoblin is almost dead.
The endoplasm freezes you.
You are frozen.
The hobgoblin hits you.
You barely miss the hobgoblin.
The hobgoblin is almost dead.
The hobgoblin hits you. The endoplasm freezes you.
You are frozen.
You feel a terrible chill!
You hit the hobgoblin. You freeze the hobgoblin.
You kill the hobgoblin!
Makhleb accepts your kill. The endoplasm hits you.
You are too injured to fight recklessly!
You are too injured to fight recklessly!
You hit the ribbon worm. You freeze the ribbon worm.
The ribbon worm is moderately wounded.
Your cerulean imp barely misses the ribbon worm.
The endoplasm closely misses you.
You barely miss the ribbon worm.
The ribbon worm is moderately wounded.
Your cerulean imp barely misses the ribbon worm.
The ribbon worm closely misses you. The endoplasm freezes you.
You are frozen.
You feel a terrible chill!
You hit the ribbon worm but do no damage.
The ribbon worm is moderately wounded.
Your cerulean imp hits the ribbon worm but does no damage.
The endoplasm freezes you.
You are frozen.
You feel a terrible chill!
* * * LOW HITPOINT WARNING * * *
You barely miss the ribbon worm.
The ribbon worm is moderately wounded.
The ribbon worm is no longer moving slowly.
Your cerulean imp hits the ribbon worm from afar with a -3 spear.
The ribbon worm expels a string of sticky webbing.
The stream of webbing hits you but does no damage.
You are caught in a web!
The endoplasm freezes you.
You are frozen.
You feel a terrible chill!
You die...

##......######.
####.#.# #. ###.#
#. #.# ## #.# #.#
##### #.#
...#.#####...# #.#
......w@5....###.#
......J##.....##.#
<.#...# #.###.##.#
##.# #.# #....# #.
#.###.#### #
#.....# #######


You could see a ribbon worm (catching breath, ally target), an endoplasm and a
friendly cerulean imp (summoned).

Vanquished Creatures
  A ribbon worm (D:2)
  A dart slug (D:1)
  3 ball pythons
  3 endoplasms (D:1)
  2 giant cockroaches (D:2)
  A goblin (D:1)
  2 hobgoblins
  4 jackals (D:1)
  A quokka (D:2)
  3 bats
  3 rats (D:1)
24 creatures vanquished.

Vanquished Creatures (collateral kills)
  A ball python (D:1)
1 creature vanquished.

Grand Total: 25 creatures vanquished

Notes
Turn   | Place    | Note
-------+----------+-------------------------------------------
     0 | D:1      | javelincjr the Djinni Hedge Wizard began the quest for the
                  | Orb.
     0 | D:1      | javelincjr set off with the following spells memorised:
                  | Magic Dart, Slow, Blink, Call Imp, Mephitic Cloud.
     0 | D:1      | Reached XP level 1. HP: 15/15 MP: 0/0
   171 | D:1      | Reached XP level 2. HP: 10/21 MP: 0/0
   266 | D:1      | Found a faded altar of an unknown god.
   286 | D:1      | Prayed at the altar of an unknown god.
   286 | D:1      | Became a worshipper of Makhleb the Destroyer
   286 | D:1      | Reached * piety under Makhleb
   533 | D:1      | Reached XP level 3. HP: 6/25 MP: 0/0
   533 | D:1      | Learned a level 1 spell: Kiss of Death
  1265 | D:2      | Frozen to death by an endoplasm

Illustrated notes

Levels and vault maps discovered:
D:1:      dpeg_arrival_round_c, layout_loops_cross,
          ebering_ecumenical_altar_webs
D:2:      layout_loops_corners, uniq_natasha

Skill      XL: |  1  2 |
---------------+-------+-----
Stealth        | 2 |  2.2
Dodging        | |  2.8
Spellcasting   | |  3.3
Conjurations   | |  3.3
Hexes          | |  3.3
Summonings     | |  3.3
Necromancy     | |  3.3
Translocations | |  3.3
Fire Magic     | |  3.3
Ice Magic      | |  3.3
Air Magic      | |  3.3
Earth Magic    | |  3.3
Alchemy        | |  3.3

Action                     || total
---------------------------++-------
  Melee: Short sword       ||    45
   Cast: Magic Dart        ||    33
         Call Imp          ||     6
         Slow              ||     2
   Stab: Distracted        ||     1
 Armour: Robe              ||    33
  Dodge: Dodged            ||    32

Table legend: (Time is in decaauts)
 A = Elapsed time spent in this place.
 B = Non-inter-level travel time spent in this place.
 C = Inter-level travel time spent in this place.
 D = Time resting spent in this place.
 E = Time spent auto-exploring this place.
 F = Levels seen in this place.
 G = Mean time per level.
                   A        B        C        D        E       F      G
               +--------+--------+--------+--------+--------+-----+--------+
         Total |   1264 |   1239 |     25 |      0 |   1078 |   2 |  632.0 |
       Dungeon |   1264 |   1239 |     25 |      0 |   1078 |   2 |  632.0 |
               +--------+--------+--------+--------+--------+-----+--------+

Top non-repeatable levels by time:
     D:1: 887 daAuts
     D:2: 376 daAuts
